 BcadrenCrawl: Boulder Brew version 0.05.31-16-g17090fb0d7 (webtiles) character file.

Game seed: 1912762481728614224, levelgen mode: deterministic

107 BR41ND34D the Adept (level 4, 0/29 HPs) Oozomorph Priest. Began on Sept 29, 2021. Was a Believer of Sif Muna. Slain by a sewer rat (2 damage) ... on level 2 of the Dungeon. The game lasted 00:09:01 (1015 turns).

BR41ND34D the Adept (Oozomorph Priest)              Turns: 1015, Time: 00:09:02

Health: 0/29       AC:  2    Str: 10    XL:     4 ^: 43
Magic:  6/6        EV: 12    Int: 17    God:    Sif Muna [2* [60]]
Gold:   66         SH:  0    Dex: 11    Spells: 6/6 levels left

rFire    . . .     Vision   .   f - +0 dagger
rCold    . . .     Gourm    .   g - +1 whip (distort)
rNeg     . . .     Faith    .   a - +0 robe
rCorr    + + +     Spirit   .   (no armour)
rPois    .         Reflect  .   (no armour)
rElec    .         Harm     .   (no armour)
MR       .....                  (no armour)
Stlth    +.........             (no armour)
HPRegen  0.19/turn              (nothing subsumed)
MPRegen  0.16/turn              (no amulet)
                                (no ring)
                                (no ring)

@: very slow
A: cytoplasmic subsumption, amorphous body, gelatinous body 1
a: Subsume Item, Divine Energy, Renounce Religion


You were on level 2 of the Dungeon.
You worshipped Sif Muna.
Sif Muna was pleased with you.
You were not hungry.

You visited 1 branch of the dungeon, and saw 2 of its levels.
You also visited: Temple.

You collected 66 gold pieces.

Inventory:

Weapons
 f - a +0 dagger (weapon)
 g - a +1 whip of distortion (weapon)
 l - a +0 hunting sling Shields
 e - a cursed +0 targe of protection {(Curse: MR-)}
 j - a +0 scutum
Armour
 a - a +0 robe (worn)
Scrolls
 d - a scroll of enchantment
 h - 2 scrolls of fog
 k - a scroll of summoning
 m - 2 scrolls of teleportation
Potions
 c - 3 potions of curing
 i - a potion of berserk rage
Comestibles
 b - a ration


   Skills:
 * Level 2.1 Fighting
 + Level 1.0 Armour
 + Level 2.0 Dodging
 + Level 3.3 Stealth
 + Level 0.9 Shields
 - Level 3.0 Unarmed Combat
 * Level 1.8 Spellcasting
 - Level 3.6 Invocations


You had 6 spell levels left.
You didn't know any spells.
Your spell library was empty.

Dungeon Overview and Level Annotations

Branches:
Dungeon (2/8)

Altars:


Innate Abilities, Weirdness & Mutations

You may subsume any weapon, armour, or jewellery into your cytoplasm to benefit from its magical properties.
Your body is completely amorphous, allowing you to wear any combination of armour.
You have seven amorphous slots; replacing the normal gear slots.
Body armours and bardings take two slots, all other armours take one.
Your gelatinous form is immune to acid, constriction and sticky flames. (rCorr+, Slime)


Message History

The giant blowfly blocks the kobold's attack.
The jelly hits you (1).
* * * LOW HITPOINT WARNING * * *
You are splashed with acid but take no damage (0).
A sewer rat comes into view.
The big kobold hits the giant blowfly with a +0 short sword (4).
The kobold splashes around in the water.
The ball python bites you but does no damage.
The sewer rat bites you but does no damage.
The sewer rat bites you (2).
* * * LOW HITPOINT WARNING * * *
The jelly splashes around in the water.
The big kobold splashes around in the water.
The sewer rat bites the withered plant (6).
The withered plant is destroyed!
The kobold misses the giant blowfly (0).
The ball python barely misses you (0). The sewer rat bites you (4).
* * * LOW HITPOINT WARNING * * *
The sewer rat bites you (2).
You die...

..P≈≈≈≈≈≈
#.P≈b≈≈≈.
#..≈≈≈≈..
.≈≈≈≈≈≈≈.
#≈b≈≈≈≈Pb
#≈rbb≈≈≈≈
#Sr≈b≈≈≈≈


#@rJrbbK≈ #rJrr≈≈K≈ #Pbr≈≈≈≈≈ PrrrK≈≈≈≈ #≈r..≈≈≈≈ #PP≈b.≈≈. ≈≈≈.... ≈≈≈≈≈≈.
≈≈≈≈≈≈ You could see a big kobold, a jelly, a submerged ooze, 12 submerged sewer
rats, 2 bats, a ball python and 2 kobolds.

Vanquished Creatures
  A jelly (D:2)
  A giant cockroach (D:1)
  3 cinder newts (D:1)
  An ooze (D:1)
  A dart slug (D:1)
  2 leopard geckos (D:1)
  3 goblins (D:1)
  2 hobgoblins (D:1)
  2 kobolds (D:1)
  7 bats
  5 rats (D:1)
28 creatures vanquished.

Vanquished Creatures (others)
  A giant cockroach (D:1)
  4 withered plants (D:2)
5 creatures vanquished.

Grand Total: 33 creatures vanquished

Notes
Turn   | Place    | Note
-------+----------+-------------------------------------------
     0 | Start Te | BR41ND34D the Oozomorph Priest began the quest for the Orb.
     0 | Start Te | Reached XP level 1. HP: 11/11 MP: 3/3
     0 | Start Te | Found a sparkling altar of Nemelex Xobeh.
     1 | Start Te | Found a basalt altar of Yredelemnul.
     1 | Start Te | Found a white marble altar of Elyvilon.
     2 | Start Te | Found an iron altar of Okawaru.
     3 | Start Te | Found a glowing silver altar of Zin.
     3 | Start Te | Found a blossoming altar of Fedhas.
     4 | Start Te | Found a stormy altar of Qazlal.
     5 | Start Te | Found a glowing golden altar of the Shining One.
     5 | Start Te | Found an opulent altar of Gozag.
     6 | Start Te | Found a sacrificial altar of Ru.
     7 | Start Te | Found an ornate altar of Bahamut and Tiamat.
     7 | Start Te | Found a hazy altar of Hepliaklqana.
    25 | Start Te | Became a worshipper of Sif Muna the Loreminder
    25 | Start Te | Reached * piety under Sif Muna
    25 | Start Te | Reached ** piety under Sif Muna
    87 | D:1      | Reached XP level 2. HP: 14/18 MP: 4/4
   199 | D:1      | Reached skill level 1 in Fighting
   199 | D:1      | Reached skill level 1 in Spellcasting
   205 | D:1      | Reached XP level 3. HP: 6/23 MP: 5/5
   754 | D:1      | Reached XP level 4. HP: 29/29 MP: 6/6
  1009 | D:2      | Noticed a big kobold
  1013 | D:2      | Reached skill level 1 in Armour
  1015 | D:2      | Slain by a sewer rat

Levels and vault maps discovered:
D:1:      dpeg_arrival_arbitrary_b, layout_loops_ring
D:2:      layout_sewer, lemuel_zombie_altar_kikubaaqudgha, first_ration,
          minivault_23

Skill      XL: |  1  2  3  4 |
---------------+-------------+-----
Fighting       | 1 2 |  2.1
Spellcasting   | 1 |  1.8
Stealth        | 3 |  3.3
Dodging        | 2 |  2.0
Armour         | 1 |  1.0
Shields        | |  0.9
Unarmed Combat | |  3.0
Invocations    | |  3.6

Action                   |  1- 3 |  4- 6 || total
-------------------------+-------+-------++-------
Melee: Unarmed           |    58 |       ||    58
       Club              |    38 |       ||    38
       Dagger            |    35 |     7 ||    42
       Whip              |    29 |     5 ||    34
  Use: Potion            |     1 |       ||     1
 Stab: Sleeping          |     5 |     2 ||     7
  Eat: Ration            |       |     1 ||     1
Armor: Skin              |    13 |     9 ||    22
Dodge: Dodged            |    87 |    17 ||   104
